 Dungeon Crawl Stone Soup version 0.19-a0-1311-gdcfd90a (webtiles) character file.

179 Proton the Covered (level 5, -2/33 HPs)
             Began as a Gargoyle Fighter on Aug 31, 2016.
             Slain by an ogre
             ... wielding a +0 giant club
              (20 damage)
             ... on level 4 of the Dungeon.
             The game lasted 00:04:18 (2167 turns).

Proton the Covered (Gargoyle Fighter)               Turns: 2167, Time: 00:04:18

Health: -2/33      AC: 13    Str: 20    XL:     5   Next: 59%
Magic:  5/5        EV:  7    Int:  9    God:
Gold:   151        SH:  9    Dex:  9    Spells: 0 memorised, 4 levels left

rFire  . . .     SeeInvis .     a - +0 flail
rCold  . . .     Gourm    .     b - +0 scale mail
rNeg   + . .     Faith    .     c - +0 shield
rPois  ∞         Spirit   .     (no helmet)
rElec  +         Dismiss  .     o - +0 cloak
rCorr  .         Reflect  .     (no gloves)
MR     .....     Harm     .     u - +0 pair of boots (curse)
Stlth  ..........               (no amulet)
                                (no ring)
                                (no ring)

@: no status effects
A: negative energy resistance 1, electricity resistance, unbreathing,
petrification resistance, rot immunity, AC +4
a: no special abilities


You were on level 4 of the Dungeon.
You were not hungry.

You visited 1 branch of the dungeon, and saw 4 of its levels.

You collected 151 gold pieces.

Inventory:

Hand Weapons
 a - a +0 flail (weapon)
Armour
 b - a +0 scale mail (worn)
 c - a +0 shield (worn)
 o - a +0 cloak (worn)
 u - a cursed +0 pair of boots (worn)
Scrolls
 e - 5 scrolls of magic mapping {unknown}
 g - 2 scrolls of identify {unknown}
 h - a scroll of immolation {unknown}
 i - a scroll of amnesia {unknown}
 n - 2 scrolls of remove curse {unknown}
 p - 2 scrolls of blinking {unknown}
 q - a scroll of enchant armour {unknown}
 r - a scroll of noise {unknown}
 s - a scroll of teleportation {unknown}
Potions
 d - a potion of might
 k - a potion of degeneration {unknown}
 l - a potion of invisibility {unknown}
 m - a potion of flight {unknown}
Comestibles
 f - 3 bread rations
 j - a beef jerky
 t - 2 chunks of flesh


   Skills:
 + Level 3.9 Fighting
 * Level 3.9 Maces & Flails
 + Level 4.3 Armour
 + Level 4.1 Shields


You had 4 spell levels left.
You didn't know any spells.

Dungeon Overview and Level Annotations

Branches:
Dungeon (4/15)
 Temple: D:4-7

Altars:
Fedhas

Annotations:
D:2 Sigmund


Innate Abilities, Weirdness & Mutations

You are resistant to torment.
Your stone body is resilient. (AC +4)
You are immune to poison.
You resist negative energy. (rN+)
You are resistant to electric shocks. (rElec)
You can survive without breathing.
You are immune to petrification.
You are immune to rotting.


Message History

You are too injured to fight recklessly!
You are too injured to fight recklessly!
You barely miss the ogre. You block the ogre's attack.
You closely miss the ogre. The ogre closely misses you.
You hit the ogre.
The ogre is moderately wounded.
The ogre closely misses you.
You sock the ogre!
The ogre is almost dead.
The ogre hits you but does no damage.
You closely miss the ogre.
The ogre is almost dead.
Your scale mail prevents you from hitting the ogre.
The ogre is almost dead.
You block the ogre's attack.
Your shield prevents you from hitting the ogre.
The ogre is almost dead.
The ogre hits you with a giant club!!
Ouch! That really hurt!
You die...

#.........#
#.........#
#.........#
#..<......#
..........#
#.........#
#.......##
#....O@..#####
##..###......#
# #.####.####
###.......##
#.♣#####♣.#
#.##...##.#
#.#.♣.♣.#.#
#.#..<..#.#
#.#.♣.♣.#.#


You could see an ogre.

Vanquished Creatures
  An orc wizard (D:3)
  7 adders
  An ooze (D:2)
  4 worms
  A dart slug (D:3)
  3 giant geckos (D:3)
  5 orcs (D:3)
  A ball python (D:3)
  A giant cockroach (D:1)
  9 goblins
  8 hobgoblins
  6 jackals
  6 bats
  2 giant newts
  7 kobolds
  9 rats
71 creatures vanquished.

Notes
Turn   | Place    | Note
-------+----------+-------------------------------------------
     0 | D:1      | Proton the Gargoyle Fighter began the quest for the Orb.
     0 | D:1      | Reached XP level 1. HP: 14/14 MP: 1/1
   127 | D:1      | Reached XP level 2. HP: 16/19 MP: 2/2
   502 | D:2      | Reached XP level 3. HP: 23/23 MP: 3/3
   636 | D:2      | Noticed Sigmund
  1046 | D:3      | Reached XP level 4. HP: 28/28 MP: 4/4
  1378 | D:3      | Found a blossoming altar of Fedhas.
  1566 | D:3      | Found a faded altar of an unknown god.
  1826 | D:3      | Reached XP level 5. HP: 28/33 MP: 5/5
  2158 | D:4      | Noticed an ogre
  2167 | D:4      | Slain by an ogre

Vault maps used:
D:1:      kennysheep_arrival_seaside
D:2:      first_bread, uniq_sigmund, uniq_iyjb
D:3:      fedhas_altar_1, ecumenical_altar_2, minmay_joined_circles
D:4:      grunt_ministairs_11, uniq_grinder

Skill      XL: |  1  2  3  4 |
---------------+-------------+-----
Maces & Flails | 3 |  3.9
Armour         | 4 |  4.3
Shields        | 4 |  4.1
Fighting       | |  3.9

Action                   |  1- 3 |  4- 6 || total
-------------------------+-------+-------++-------
Melee: Flail             |   121 |   219 ||   340
  Eat: Chunk             |     1 |     4 ||     5
Armor: Scale mail        |    65 |   134 ||   199
Dodge: Dodged            |    31 |    71 ||   102
Block: Shield            |    83 |   107 ||   190
